 Dungeon Crawl Stone Soup version 0.29.1-15-g9cfb28693d (webtiles) character file.

Game seed: 58433817683152912

10642 Carnifexus the Carver (level 11, -10/97 HPs)
             Began as a Minotaur Delver on Mar 25, 2023.
             Was a High Priest of Okawaru.
             Mangled by a two-headed ogre
             ... wielding a +0 giant spiked club
              (25 damage)
             ... on level 10 of the Dungeon.
             The game lasted 00:31:58 (12938 turns).

Carnifexus the Carver (Minotaur Delver)            Turns: 12938, Time: 00:31:58

Health: -10/97     AC: 14    Str: 21    XL:     11   Next: 38%
Magic:  10/10      EV:  9    Int:  7    God:    Okawaru [*****.]
Gold:   493        SH:  0    Dex: 18    Spells: 10/10 levels left

rFire   . . .      SeeInvis .   M - +3 great sword
rCold   . . .      Faith    .   (shield currently unavailable)
rNeg    . . .      Spirit   .   L - +0 plate armour
rPois   .          Reflect  .   (helmet restricted)
rElec   .          Harm     .   J - +0 cloak
rCorr   .          Rampage  .   (no gloves)
Will    .....                   (no boots)
Stlth   ..........              (no amulet)
HPRegen 0.26/turn               o - +6 ring of dexterity
MPRegen 0.12/turn               r - +4 ring of slaying

@: invisible
A: horns 2, retaliatory headbutt
a: Renounce Religion, Heroism, Finesse, Duel


You were on level 10 of the Dungeon.
You worshipped Okawaru.
Okawaru was extremely pleased with you.
You visited 2 branches of the dungeon, and saw 11 of its levels.

You collected 493 gold pieces.

Inventory:

Hand Weapons
 a - a +4 trident of venom
 h - a +2 long sword of freezing
 q - a +2 short sword of speed
 M - a +3 great sword (weapon)
 P - a +2 vampiric dagger
Missiles
 B - 3 throwing nets (quivered)
Armour
 F - a +2 ring mail of positive energy
 I - a scarf of invisibility
 J - a +0 cloak (worn)
 L - a +0 plate armour (worn)
Magical Staves
 i - a staff of earth
 D - a staff of fire
Jewellery
 l - an amulet of magic regeneration
 o - a +6 ring of dexterity (left hand)
 r - a +4 ring of slaying (right hand)
 w - a ring of see invisible
 C - a ring of flight
Wands
 g - a wand of digging (3)
 U - a wand of flame (6)
Scrolls
 c - a scroll of fog
 d - 4 scrolls of magic mapping
 e - 6 scrolls of fear
 j - 3 scrolls of butterflies
 t - 3 scrolls of immolation
 v - 4 scrolls of teleportation
 y - 2 scrolls of poison
 E - 3 scrolls of noise
 G - 2 scrolls of amnesia {unknown}
 H - a scroll of summoning {unknown}
 K - 2 scrolls of silence
 S - 2 scrolls of torment {unknown}
Potions
 k - 3 potions of curing
 m - a potion of flight {unknown}
 p - 3 potions of degeneration
 s - 2 potions of brilliance
 A - 3 potions of berserk rage
 N - 2 potions of ambrosia {unknown}
 Q - 2 potions of attraction {unknown}
 R - 2 potions of heal wounds {unknown}


   Skills:
 + Level 9.6 Fighting
 + Level 9.4(11.2) Short Blades
 + Level 10.5(12.2) Long Blades
 + Level 7.7 Armour
 + Level 5.6 Dodging
 + Level 8.4 Stealth


You had 10 spell levels left.
You didn't know any spells.
Your spell library contained the following spells:

 Spells                   Type           Power      Damage    Failure   Level
 Beastly Appendage        Tmut           0%         N/A       100%        1
 Wereblood                Tmut           0%         N/A       100%        2
 Gell's Gravitas          Tloc           0%         N/A       100%        3
 Lesser Beckoning         Tloc           0%         N/A       100%        3
 Ozocubu's Armour         Ice            0%         N/A       100%        3
 Spider Form              Tmut/Pois      0%         N/A       100%        3
 Teleport Other           Tloc           0%         N/A       100%        3
 Ozocubu's Refrigeration  Ice            0%         4d7       100%        7


Dungeon Overview and Level Annotations

Branches:
Dungeon (10/15)            Temple (1/1) D:6            Lair (0/5) D:8
    Orc: D:9-12

Altars:
Ashenzari
Cheibriados
Dithmenos
Elyvilon
Fedhas
Gozag
Hepliaklqana
Kikubaaqudgha
Makhleb
Nemelex Xobeh
Okawaru
Qazlal
Ru
Trog
Uskayaw
Vehumet
Wu Jian
Xom
Yredelemnul
Zin
The Shining One

Shops:
D:6 !   D:7 [


Innate Abilities, Weirdness & Mutations

You have a pair of horns on your head.
You reflexively headbutt those who attack you in melee.


Message History

You kill the gnoll!
Okawaru accepts your kill. The gnoll hits you but does no damage.
The gnoll barely misses you. The gnoll barely misses you.
The gnoll closely misses you.
You slash the gnoll!
You kill the gnoll!
Okawaru accepts your kill.
You slash the gnoll!
You kill the gnoll!
Okawaru accepts your kill.
Items here: )) ††.
Okay, then.
Items here: )) [[ †.
a - a +4 trident of venom
Things that are here:
a +0 flail; a gnoll corpse
Things that are here:
a +0 club; a gnoll corpse You open the door.
Found a scroll of teleportation.
A sourceless malevolence fills the Dungeon... and a teleportation trap spontaneously manifests!
You are yanked towards some nearby monsters!
Your surroundings suddenly seem different.
A purple ugly thing and a two-headed ogre come into view.
The purple ugly thing gurgles horribly!
The two-headed ogre shouts in stereo!
Found a short lead wand.
The purple ugly thing gurgles horribly!
The two-headed ogre shouts in stereo!
The two-headed ogre hits you with a +0 giant spiked club!
* * * LOW HITPOINT WARNING * * *
The two-headed ogre closely misses you.
You completely miss the two-headed ogre.
You headbutt the two-headed ogre!
The two-headed ogre is moderately wounded.
The purple ugly thing gurgles horribly!
The purple ugly thing headbutts you!
* * * LOW HITPOINT WARNING * * *
You slash the two-headed ogre!
The two-headed ogre is heavily wounded.
The two-headed ogre hits you with a +0 giant spiked club!!
You die...

.. #. /# #.
.. #
#.###.#.###
#.....#...
#.......#
#.......#
#..uO...#
+...@...#
#.......#
#########


You could see a purple ugly thing (unable to see you) and a two-headed ogre
(unable to see you).

Vanquished Creatures
  3 two-headed ogres
  An orange crystal statue (D:9)
  Pikel (D:5)
  An ice statue (D:9)
  A gargoyle (D:7)
  2 kobold demonologists (D:9)
  A hornet (D:9)
  A troll (D:9)
  Sigmund (D:5)
  A shadow (D:9)
  2 wraiths
  A human (D:7)
  4 wyverns
  5 yaks (D:8)
  4 steam dragons
  3 water moccasins
  2 ice beasts
  A sky beast (D:7)
  A black bear (D:8)
  3 orc warriors
  An ogre (D:5)
  5 centaurs (D:9)
  A lemure (D:5)
  2 phantoms (D:6)
  4 kobold brigands
  2 bullfrogs
  3 scorpions
  3 gnoll sergeants
  7 wights
  A killer bee (D:8)
  5 howler monkeys
  4 hounds (D:6)
  A gnoll bouda (D:8)
  Crazy Yiuf (D:2)
  7 orc priests
  4 jellies
  3 iguanas
  Terence (D:2)
  7 orc wizards
  Robin (D:2)
  4 adders
  15 gnolls
  A shadow imp (D:5)
  3 ufetubi
  A worm (D:3)
  2 dart slugs (D:2)
  26 orcs
  7 endoplasms
  5 giant cockroaches
  12 goblins
  9 hobgoblins
  2 jackals (D:2)
  19 kobolds
  4 quokkas
  9 ball pythons
  4 bats
  4 frilled lizards
  A kobold zombie (D:7)
  2 rats
232 creatures vanquished.

Vanquished Creatures (others)
  An orc wizard (D:9)
  An orc (D:7)
  4 fungi
  22 plants
28 creatures vanquished.

Grand Total: 260 creatures vanquished

Notes
Turn   | Place    | Note
-------+----------+-------------------------------------------
     0 | D:5      | Carnifexus the Minotaur Delver began the quest for the Orb.
     0 | D:5      | Reached XP level 1. HP: 19/19 MP: 0/0
    33 | D:3      | Found a blossoming altar of Fedhas.
    70 | D:3      | Found an ornate altar of the Wu Jian Council.
   193 | D:2      | Reached XP level 2. HP: 27/27 MP: 1/1
   420 | D:2      | Noticed Robin
   435 | D:2      | You fall into a shaft and drop 1 floor!
   924 | D:1      | Found a faded altar of an unknown god.
  1049 | D:1      | Reached XP level 3. HP: 33/33 MP: 2/2
  1913 | D:2      | Killed Robin
  1914 | D:2      | Reached skill level 1 in Armour
  2019 | D:2      | Found a runed translucent door.
  2020 | D:2      | Noticed Crazy Yiuf
  2029 | D:2      | Killed Crazy Yiuf
  2030 | D:2      | Reached skill level 3 in Long Blades
  2030 | D:2      | Reached XP level 4. HP: 23/40 MP: 3/3
  2261 | D:2      | Noticed Terence
  2270 | D:2      | Killed Terence
  2271 | D:2      | Reached skill level 1 in Short Blades
  2560 | D:2      | Reached XP level 5. HP: 46/46 MP: 4/4
  3182 | D:4      | Found a hazy altar of Hepliaklqana.
  3186 | D:4      | Reached skill level 5 in Stealth
  3578 | D:5      | Noticed Pikel
  3578 | D:5      | Noticed a lemure
  3578 | D:5      | Noticed an ogre
  3581 | D:5      | Noticed a lemure
  3588 | D:5      | Noticed a lemure
  3589 | D:5      | Noticed a lemure
  3629 | D:5      | Noticed a water moccasin
  3656 | D:5      | Killed a water moccasin
  3657 | D:5      | Reached XP level 6. HP: 21/53 MP: 5/5
  4058 | D:5      | Killed Pikel
  4059 | D:5      | Reached skill level 5 in Fighting
  4059 | D:5      | Reached XP level 7. HP: 21/61 MP: 6/6
  4443 | D:5      | Found an opulent altar of Gozag.
  4504 | D:5      | Found a glowing silver altar of Zin.
  4505 | D:5      | Found a glowing golden altar of the Shining One.
  4505 | D:5      | Found a white marble altar of Elyvilon.
  4545 | D:5      | Noticed Sigmund
  4554 | D:5      | Killed Sigmund
  4555 | D:5      | Reached skill level 5 in Short Blades
  4604 | D:5      | Reached XP level 8. HP: 69/69 MP: 7/7
  5070 | D:6      | Found a sacrificial altar of Ru.
  5533 | D:6      | Found a staircase to the Ecumenical Temple.
  5544 | Temple   | Entered the Ecumenical Temple
  5609 | Temple   | Became a worshipper of Warmaster Okawaru
  6145 | D:6      | Found Woadoukk's Distillery.
  6739 | D:7      | Noticed a two-headed ogre
  6739 | D:7      | Noticed a two-headed ogre
  6739 | D:7      | Found the +6 shillelagh "Devastator" {shatter}
  6739 | D:7      | Noticed a gargoyle
  6875 | D:7      | Killed a gargoyle
  6875 | D:7      | Reached * piety under Okawaru
  6876 | D:7      | Reached skill level 5 in Armour
  6876 | D:7      | Reached XP level 9. HP: 39/78 MP: 8/8
  7165 | D:6      | Killed a two-headed ogre
  7343 | D:7      | Reached ** piety under Okawaru
  7655 | D:7      | Found Gelottei's Antique Armour Shop.
  7763 | D:7      | Found a runed translucent door.
  7768 | D:7      | Found a basalt altar of Yredelemnul.
  7778 | D:7      | Killed a two-headed ogre
  7961 | D:7      | Reached skill level 5 in Dodging
  8015 | D:7      | Noticed a two-headed ogre
  8019 | D:7      | Reached XP level 10. HP: 65/86 MP: 9/9
  8026 | D:7      | Killed a two-headed ogre
  8026 | D:7      | Reached *** piety under Okawaru
  8027 | D:7      | Reached skill level 4 in Long Blades
  8589 | D:7      | Reached skill level 5 in Long Blades
  9197 | D:8      | Reached skill level 6 in Long Blades
  9381 | D:8      | Reached **** piety under Okawaru
  9382 | D:8      | Reached skill level 7 in Long Blades
  9404 | D:8      | Found a staircase to the Lair.
  9509 | D:8      | Reached skill level 8 in Long Blades
  9579 | D:8      | Found a bloodstained altar of Trog.
  9655 | D:8      | Found a radiant altar of Vehumet.
 10903 | D:9      | Reached skill level 9 in Long Blades
 11001 | D:9      | Noticed an orange crystal statue
 11015 | D:9      | Killed an orange crystal statue
 11015 | D:9      | Reached ***** piety under Okawaru
 11016 | D:9      | Reached XP level 11. HP: 95/95 MP: 1/10
 11101 | D:9      | Found a sparkling altar of Nemelex Xobeh.
 11121 | D:9      | Found a shadowy altar of Dithmenos.
 11613 | D:9      | Reached skill level 10 in Long Blades
 11803 | D:9      | Found a shimmering altar of Xom.
 12199 | D:9      | Noticed a sun demon
 12753 | D:10     | Entered Level 10 of the Dungeon
 12935 | D:10     | Noticed a purple ugly thing
 12935 | D:10     | Noticed a two-headed ogre
 12938 | D:10     | Mangled by a two-headed ogre

Illustrated notes

Levels and vault maps discovered:
D:1:      onia_arrival_mini_maze_b, layout_loops_ring,
          shapermc_ecumenical_altar_mp_ritualfount
D:2:      layout_basic, uniq_terence, uniq_robin, uniq_crazy_yiuf_cottage
D:3:      layout_basic, lemuel_doored_altar, lemuel_crystal_altar
D:4:      layout_loops_ring, mainiacjoe_overflow_six_doors_small
D:5:      layout_loops_ring, dreamdust_divine_triumvirate, grunt_gozag_statues,
          uniq_pikel, uniq_sigmund
D:6:      layout_loops_corners, mainiacjoe_overflow_chevrons,
          minmay_temple_entry_sparse_star, serial_shops, shop
D:7:      layout_loops_ring, dk_yredelemnul_ordeal, serial_shops,
          kennysheep_mini, dilly_guarded_unrand_devastator
D:8:      layout_gridville, trog_book, nicolae_vehumet_radiance,
          minmay_lair_entry_grove, reono_crystal_passage, minmay_misc_feat_iff,
          minmay_quadrilaterals
D:9:      minmay_separated_statues, layout_irregular_city,
          nicolae_dithmenos_the_darkroom, xom_confusion_cloud,
          nicolae_overflow_hidden_temple, minmay_misc_feat_four_crosses
D:10:     layout_basic, grunt_tough_drop, uniq_sonja
Temple:   hellmonk_temple_of_storms

Skill      XL: |  1  2  3  4  5  6  7  8  9 10 11 |
---------------+----------------------------------+-----
Fighting       | 4 5 6 7 8 9 |  9.6
Armour         | 1 2 3 4 5 6 7 |  7.7
Long Blades    | 3 9 10 | 10.5
Short Blades   | 1 2 4 5 7 9 |  9.4
Stealth        | 5 6 7 8 |  8.4
Dodging        | 3 4 5 |  5.6

Action                   |  1- 3 |  4- 6 |  7- 9 | 10-12 || total
-------------------------+-------+-------+-------+-------++-------
Melee: Falchion          |    22 |       |       |       ||    22
       Headbutt          |    11 |    12 |    31 |    45 ||    99
       Short sword       |    47 |    85 |   146 |       ||   278
       Great sword       |       |       |    19 |   207 ||   226
       Punch             |       |       |     1 |       ||     1
  Use: Scroll            |     2 |     2 |     5 |     4 ||    13
       Potion            |       |     3 |     1 |     6 ||    10
 Stab: Sleeping          |     5 |    15 |     9 |     1 ||    30
       Invisible         |       |       |       |     5 ||     5
Armor: Leather armour    |    15 |     9 |    14 |     4 ||    42
       Plate armour      |       |       |       |   156 ||   156
Dodge: Dodged            |    52 |    26 |    72 |   152 ||   302
